 Dungeon Crawl Stone Soup version 0.31-b1-17-gcfd88c8481 (webtiles) character file.

Game seed: 5732113755687235024

183 Arctor the Vexing (level 5, 0/41 HPs)
             Began as a Gnoll Hexslinger on Jan 15, 2024.
             Slain by Menkaure (21 damage)
             ... on level 4 of the Dungeon.
             The game lasted 00:02:23 (2571 turns).

Arctor the Vexing (Gnoll Hexslinger)                Turns: 2571, Time: 00:02:23

Health: 0/41       AC:  3    Str:  7    XL:     5   Next: 62%
Magic:  9/9        EV: 14    Int:  9    God:
Gold:   89         SH:  0    Dex: 17    Spells: 10/10 levels left

rFire   + . .        a - +3 sling "Muhosan" {elec, rElec Int-3 SInv}
rCold   . . .        (no shield)
rNeg    . . .        c - +0 robe
rPois   .            (no helmet)
rElec   +            e - +0 cloak
rCorr   .            (no gloves)
SInv    +            (no boots)
Will    .....        (no amulet)
Stlth   ++           j - ring of protection from fire
HPRegen 0.26/turn    (no ring)
MPRegen 0.11/turn

%: no passive effects
@: no status effects
A: fangs 1, strong nose, distributed training
a: no special abilities


You were on level 4 of the Dungeon.
You visited 1 branch of the dungeon, and saw 4 of its levels.

You collected 89 gold pieces.

Inventory:

Hand Weapons
 a - the +3 sling "Muhosan" (weapon) {elec, rElec Int-3 SInv}
   (You found it on level 3 of the Dungeon)

   Int-3:     It affects your intelligence (-3).
   rElec:     It insulates you from electricity.
   SInv:      It lets you see invisible.
 b - the +4 whip of the Postmodern Xeniums {holy, Will+ Str+2 Int+3 Dex+2}
   (You found it on level 2 of the Dungeon)

   Str+2:     It affects your strength (+2).
   Int+3:     It affects your intelligence (+3).
   Dex+2:     It affects your dexterity (+2).
   Will+:     It increases your willpower.
Missiles
 s - 2 throwing nets
Armour
 c - a +0 robe (worn)
 e - a +0 cloak (worn)
Jewellery
 j - a ring of protection from fire (left hand)
 w - an amulet of guardian spirit
Scrolls
 d - 5 scrolls of identify {unknown}
 g - 3 scrolls of blinking {unknown}
 i - a scroll of revelation {unknown}
 l - a scroll of vulnerability {unknown}
 q - a scroll of fog {unknown}
 t - a scroll of enchant armour {unknown}
 u - a scroll of silence {unknown}
 v - a scroll of torment {unknown}
 x - a scroll of poison
Potions
 f - a potion of heal wounds {unknown}
 h - a potion of magic {unknown}
 k - a potion of resistance {unknown}
 n - a potion of degeneration {unknown}
 o - a potion of brilliance {unknown}
 p - 2 potions of attraction {unknown}


   Skills:
 + Level 3.0 Fighting
 + Level 1.6 Short Blades
 + Level 1.6 Long Blades
 + Level 1.6 Axes
 + Level 1.6 Maces & Flails
 + Level 1.6 Polearms
 + Level 1.6 Staves
 + Level 4.8 Ranged Weapons
 + Level 1.6 Throwing
 + Level 1.6 Armour
 + Level 4.8 Dodging
 + Level 1.6 Stealth
 + Level 1.6 Shields
 + Level 1.6 Unarmed Combat
 + Level 3.2 Spellcasting
 + Level 1.3 Conjurations
 + Level 5.6 Hexes
 + Level 1.3 Summonings
 + Level 1.3 Necromancy
 + Level 1.3 Translocations
 + Level 2.4 Fire Magic
 + Level 1.3 Ice Magic
 + Level 1.3 Air Magic
 + Level 1.3 Earth Magic
 + Level 1.3 Alchemy
 + Level 1.8 Invocations
 + Level 1.6 Evocations
 + Level 1.4 Shapeshifting


You had 10 spell levels left.
You didn't know any spells.
Your spell library contained the following spells:

 Spells                   Type           Power      Damage    Failure   Level
 Jinxbite                 Hex            22%        N/A       4%          2
 Sigil of Binding         Hex            11%        N/A       9%          3
 Inner Flame              Hex/Fire       8%         N/A       17%         3
 Call Imp                 Summ           6%         N/A       26%         2
 Mercury Vapours          Alch/Air       6%         N/A       26%         2
 Sublimation of Blood     Necr           3%         N/A       26%         2
 Cause Fear               Hex            5%         N/A       30%         4
 Mephitic Cloud           Conj/Alch/Air  3%         N/A       45%         3
 Dimensional Bullseye     Hex/Tloc       3%         N/A       56%         4
 Freezing Cloud           Conj/Ice/Air   1%         6-21      99%         5
 Summon Hydra             Summ           1%         N/A       100%        7


Dungeon Overview and Level Annotations

Branches:
Dungeon (4/15)
 Temple: D:4-7

Altars:

Annotations:
D:4 Menkaure


Innate Abilities, Weirdness & Mutations

You have very sharp teeth.
Your uncanny sense of smell can sniff out nearby items.
Your experience applies equally to all skills.


Message History

What level of the Dungeon? (default 2, ? - help)
There is a stone staircase leading down here.
You climb downwards.
There is a stone staircase leading up here.
No target in view!
Done exploring.
Done exploring.
No target in view!
Done exploring.
No target in view!
No target in view!
Done exploring.
What level of the Dungeon? (default 3, ? - help)
There is a stone staircase leading down here.
You climb downwards.
Found 5 stones.
There is a stone staircase leading up here.
Menkaure, Prince of Dust comes into view.
You shoot a sling bullet. The sling bullet hits Menkaure.
Menkaure is lightly damaged.
Menkaure is nearby!
You shoot a sling bullet.
The sling bullet barely misses Menkaure.
You shoot a sling bullet. The sling bullet hits Menkaure.
Menkaure is moderately damaged.
You shoot a sling bullet. The sling bullet hits Menkaure!
Menkaure is severely damaged.
Menkaure closely misses you.
You shoot a sling bullet.
The sling bullet closely misses Menkaure.
Menkaure hits you.
You shoot a sling bullet. The sling bullet hits Menkaure.
Menkaure is severely damaged.
Menkaure calls on the powers of darkness!
Your body is wracked with pain!
You shoot a sling bullet. The sling bullet hits Menkaure.
Menkaure is almost destroyed.
Menkaure hits you!!
Ouch! That really hurt!
You die...

.. ...
..###..
#...#..
#...... ###
....... #<#
#.... #.#
#...M###.#
#....@...#
+.......(#
#........#
##.......#
.........#
#.#.......#
...#######.#
## ..#


You could see Menkaure.

Vanquished Creatures
  2 orc priests (D:3)
  2 adders
  3 gnolls
  A ribbon worm (D:2)
  3 dart slugs
  3 orcs (D:3)
  6 ball pythons
  4 endoplasms
  4 giant cockroaches (D:3)
  6 hobgoblins
  A jackal (D:1)
  4 quokkas
  4 bats
  A frilled lizard (D:2)
  6 goblins
  6 kobolds
  11 rats
67 creatures vanquished.

Notes
Turn   | Place    | Note
-------+----------+-------------------------------------------
     0 | D:1      | Arctor the Gnoll Hexslinger began the quest for the Orb.
     0 | D:1      | Reached XP level 1. HP: 17/17 MP: 4/4
   225 | D:1      | Reached XP level 2. HP: 5/23 MP: 5/5
   593 | D:1      | Found a faded altar of an unknown god.
   711 | D:1      | Reached XP level 3. HP: 28/28 MP: 7/7
  1004 | D:2      | Reached skill level 1 in Invocations
  1044 | D:2      | Identified the +4 whip of the Postmodern Xeniums {holy,
                  | Will+ Str+2 Int+3 Dex+2}
  1165 | D:2      | Reached skill level 1 in Short Blades
  1165 | D:2      | Reached skill level 1 in Long Blades
  1165 | D:2      | Reached skill level 1 in Axes
  1165 | D:2      | Reached skill level 1 in Maces & Flails
  1165 | D:2      | Reached skill level 1 in Polearms
  1165 | D:2      | Reached skill level 1 in Staves
  1165 | D:2      | Reached skill level 1 in Throwing
  1165 | D:2      | Reached skill level 1 in Armour
  1165 | D:2      | Reached skill level 1 in Stealth
  1165 | D:2      | Reached skill level 1 in Shields
  1165 | D:2      | Reached skill level 1 in Unarmed Combat
  1165 | D:2      | Reached skill level 1 in Evocations
  1343 | D:2      | Reached skill level 1 in Shapeshifting
  1343 | D:2      | Reached XP level 4. HP: 34/34 MP: 8/8
  1597 | D:3      | Identified the +3 sling "Muhosan" {elec, rElec Int-3 SInv}
  1628 | D:3      | Reached skill level 1 in Conjurations
  1628 | D:3      | Reached skill level 1 in Summonings
  1628 | D:3      | Reached skill level 1 in Necromancy
  1628 | D:3      | Reached skill level 1 in Translocations
  1628 | D:3      | Reached skill level 1 in Ice Magic
  1628 | D:3      | Reached skill level 1 in Air Magic
  1628 | D:3      | Reached skill level 1 in Earth Magic
  1628 | D:3      | Reached skill level 1 in Alchemy
  2030 | D:3      | Reached XP level 5. HP: 41/41 MP: 9/9
  2564 | D:4      | Noticed Menkaure
  2571 | D:4      | Slain by Menkaure

Illustrated notes

Levels and vault maps discovered:
D:1:      dpeg_cavernosity, layout_basic, ebering_ecumenical_altar_sacrificial
D:2:      layout_loops_ring, kennysheep_path_1
D:3:      layout_loops_ring, kennysheep_generic_room_2
D:4:      layout_basic, serial_curves, eino_curves_02, eino_curves_03,
          hangedman_abyss_or_decor_lesser_grid, uniq_menkaure, uniq_pikel

Skill      XL: |  1  2  3  4 |
---------------+-------------+-----
Fire Magic     | 2 |  2.4
Invocations    | 1 |  1.8
Short Blades   | 1 |  1.6
Long Blades    | 1 |  1.6
Axes           | 1 |  1.6
Maces & Flails | 1 |  1.6
Polearms       | 1 |  1.6
Staves         | 1 |  1.6
Throwing       | 1 |  1.6
Armour         | 1 |  1.6
Stealth        | 1 |  1.6
Shields        | 1 |  1.6
Unarmed Combat | 1 |  1.6
Evocations     | 1 |  1.6
Shapeshifting  | 1 |  1.4
Spellcasting   | 3 |  3.2
Conjurations   | 1 |  1.3
Summonings     | 1 |  1.3
Necromancy     | 1 |  1.3
Translocations | 1 |  1.3
Ice Magic      | 1 |  1.3
Air Magic      | 1 |  1.3
Earth Magic    | 1 |  1.3
Alchemy        | 1 |  1.3
Fighting       | 3 |  3.0
Ranged Weapons | |  4.8
Dodging        | |  4.8
Hexes          | |  5.6

Action                     |  1- 3 |  4- 6 || total
---------------------------+-------+-------++-------
   Fire: Sling             |   131 |    81 ||   212
 Armour: Robe              |    33 |    24 ||    57
  Dodge: Dodged            |    63 |    23 ||    86
